Unix NetHack Version 3.7.0-59 Work-in-progress - last build Jun 2 2022 03:59:05 (05420cef104f2102be295c3e72b2481733d3ab8f,branch:master). Game began 2022-06-04 06:03:58, ended 2022-06-04 06:07:37. hackemslashem, neutral male human Wizard ---------- --------------- --------- -------- |........| |.............| +.....<.| #-..H@HH| |........| |.............| |.......%########|..HHH.| |........|#######..............| #........| |......| |.........# |.............| ###|.......+ |.....>| ---------- |.............| # -----.--- ------.- ------------.-- # ## # # ## # # ### ## # # #### # # # #### ## # ## # ##### # --------|--- ## # ----.--- ...........| -.---------# |...>..| |..........| |.........|# |......| |..........| |.........|# |.......######|.%*.......| |..........# -------- #...........| |.........| |..........| ----------- ------------ Hackemslashem the Evoker St:13 Dx:12 Co:18 In:18 Wi:7 Ch:8 Neutral Dlvl:2 $:48 HP:0(13) Pw:1(6) AC:9 Exp:1 T:356 Latest messages: Dip an uncursed clear potion into the fountain? [yn] (n) Far below you, you see coins glistening in the water. The jackal bites! You miss the jackal. The jackal bites! You miss the jackal. The jackal bites! You miss the jackal. The jackal bites! You miss the jackal. The jackal just misses! You miss the jackal. The jackal bites! In what direction? The spell hits the jackal. You kill the jackal! A milky potion shatters! You smell a peculiar odor... $ - 29 gold pieces. # What do you want to dip? [a-fh-p or ?*] Dip an uncursed clear potion into the fountain? [yn] (n) # What do you want to dip? [a-fh-p or ?*] Dip an uncursed clear potion into the fountain? [yn] (n) # What do you want to dip? [a-fh-p or ?*] Dip an uncursed clear potion into the fountain? [yn] (n) # What do you want to dip? [a-fh-p or ?*] Dip an uncursed clear potion into the fountain? [yn] (n) # What do you want to dip? [a-fh-p or ?*] Dip an uncursed clear potion into the fountain? [yn] (n) # What do you want to dip? [a-fh-p or ?*] Dip an uncursed clear potion into the fountain? [yn] (n) You unleash a water demon! Grateful for his release, he grants you a wish! You may wish for an object. q - a scroll of genocide. The fountain dries up! What do you want to read? [i-mq or ?*] As you read the scroll, it disappears. A thunderous voice booms through the caverns: "No, mortal! That will not be done." Sent in some minotaurs. The minotaur hits! You die... Do you want your possessions identified? [ynq] (y) Major events: Turn 1: hackemslashem the neutral male human Wizard entered the dungeon 76: entered the Gnomish Mines 354: made his first wish - "cursed scroll of genocide" 356: killed by a minotaur Inventory: Coins $ - 48 gold pieces Weapons a - a blessed +1 quarterstaff (weapon in hands) Armor b - an uncursed +0 cloak of magic resistance (being worn) n - a blessed +0 leather cloak Comestibles o - an uncursed food ration Scrolls i - an uncursed scroll of enchant armor k - an uncursed scroll of genocide j - an uncursed scroll of scare monster Spellbooks l - a blessed spellbook of force bolt m - an uncursed spellbook of light Potions h - an uncursed potion of gain energy f - an uncursed potion of water Rings e - an uncursed +1 ring of gain strength (on right hand) d - an uncursed +1 ring of increase accuracy Wands c - an uncursed wand of cancellation (0:7) Tools p - an uncursed leash Hackemslashem the Wizard's attributes: Background: You were an Evoker, a level 1 male human Wizard. You were neutral, on a mission for Thoth who was opposed by Ptah (lawful) and Anhur (chaotic). You were in the Dungeons of Doom, on level 2. You entered the dungeon 356 turns ago. You had 12 experience points, 8 more were needed to attain level 2. Basics: You had 0 out of 13 hit points. You had 1 out of 6 energy points (spell power). Your armor class was 9. Your wallet contained 48 zorkmids. Autopickup was on for '$?!="/' plus thrown, with exceptions. Final Characteristics: Your strength was 13 (base:12, limit:18/100). Your dexterity was 12 (limit:18). Your constitution was 18 (limit:18). Your intelligence was 18 (limit:18). Your wisdom was 7 (limit:18). Your charisma was 8 (limit:18). Final Status: You were not hungry. You were unencumbered. You were wielding a quarterstaff. You had basic skill with quarterstaff. Final Attributes: You were stridently aligned. You were magic-protected. You were warded. You are dead. Miscellaneous: You disabled loading of bones levels. Total elapsed playing time was 3 minutes and 39 seconds. Vanquished creatures: a gnome zombie 6 jackals a lichen 8 creatures vanquished. No species were genocided or became extinct. Voluntary challenges: You went without food. You were an atheist. You read items or engraved 1 time. You never engraved Elbereth. You never genocided any monsters. You never polymorphed an object. You never changed form. You used 1 wish. You did not wish for any artifacts. Achievement: You entered the Gnomish Mines. The Dungeons of Doom: levels 1 to 3 Level 1: Level 2: <- You were here. Stairs down to The Gnomish Mines. Final resting place for you, killed by a minotaur. Level 3: The Gnomish Mines: Level 3: Game over: ---------- / \ / REST \ / IN \ / PEACE \ / \ | hackemslashem | | 48 Au | | killed by a | | minotaur | | | | | | 2022 | *| * * * | * _________)/\\_//(\/(/\)/\//\/|_)_______ Goodbye hackemslashem the Wizard... You died in The Dungeons of Doom on dungeon level 2 with 192 points, and 48 pieces of gold, after 356 moves. You were level 1 with a maximum of 13 hit points when you died.